 Dungeon Crawl Stone Soup version 0.29.1-15-g9cfb28693d (webtiles) character file.

Game seed: 18266431652455435075

21 leafyfresh the Sneak (level 2, -2/21 HPs)
             Began as an Octopode Delver on Mar 4, 2023.
             Slain by an ufetubus (5 damage)
             ... on level 5 of the Dungeon.
             The game lasted 00:01:13 (272 turns).

leafyfresh the Sneak (Octopode Delver)               Turns: 272, Time: 00:01:14

Health: -2/21      AC:  1    Str: 11    XL:     2   Next: 83%
Magic:  2/2        EV: 13    Int: 12    God:
Gold:   36         SH:  0    Dex: 13    Spells: 1/1 levels left

rFire   . . .      SeeInvis .   a - +0 short sword
rCold   . . .      Faith    .   (no shield)
rNeg    . . .      Spirit   .   (helmet restricted)
rPois   .          Reflect  .   (no amulet)
rElec   .          Harm     .   (no ring)
rCorr   .          Rampage  .   (no ring)
Will    .....                   (no ring)
Stlth   ++++......              (no ring)
HPRegen 0.07/turn               (no ring)
MPRegen 0.08/turn               (no ring)
                                (no ring)
                                (no ring)

@: hasted, very quick
A: almost no armour, amphibious, 8 rings, camouflage 1, gelatinous body 1,
(nimble swimmer 1), tentacles
a: no special abilities


You were on level 5 of the Dungeon.
You visited 1 branch of the dungeon, and saw 1 of its levels.

You collected 36 gold pieces.

Inventory:

Hand Weapons
 a - a +0 short sword (weapon)
 b - the +7 war axe of the Pharaoh's Fist {vorpal, rElec rN+}
   (You found it on level 5 of the Dungeon)

   It inflicts extra damage upon your enemies.
   rElec:     It insulates you from electricity.
   rN:        It protects you from negative energy.
Wands
 f - a wand of digging (10)
 g - a wand of iceblast (8)
 h - a wand of charming (6)
Scrolls
 c - a scroll of magic mapping


   Skills:
 + Level 3.3 Fighting
 - Level 2.0 Short Blades
 + Level 2.4 Dodging
 + Level 7.0 Stealth


You had one spell level left.
You didn't know any spells.
Your spell library was empty.

Dungeon Overview and Level Annotations

Branches:
Dungeon (5/15)
 Temple: D:4-7

Altars:


Innate Abilities, Weirdness & Mutations

You cannot wear most types of armour.
You are amphibious.
You can wear up to eight rings at the same time.
Your skin changes colour to match your surroundings (Stealth+).
Your rubbery body absorbs attacks. (AC +1, EV +1)
((You are camouflaged when in or above water. (Stealth+)))
You have tentacles for arms and can constrict up to eight enemies at once.


Message History

Found a stone staircase leading up.
The centaur shouts!
Something shouts, "Take thy face hence, thou unmuzzled saucy tiler!"
A centaur is nearby!
An orc comes into view. It is wielding a +0 hand axe.
Found 19 gold pieces.
The centaur wields a +0 shortbow.
The centaur shoots an arrow.
The arrow hits you!
Ouch! That really hurt!
A white imp comes into view.
There are monsters nearby!
Unknown command.
You feel yourself speed up.
The centaur shoots an arrow.
The arrow hits you!
* * * LOW HITPOINT WARNING * * *
The centaur shoots an arrow.
The arrow closely misses you.
You hear a shout!
As you read the scroll of fog, it crumbles to dust.
The scroll dissolves into smoke.
The centaur shoots an arrow.
The arrow misses you.
Unknown command.
Unknown command.
An orc comes into view. It is wielding a +0 falchion.
Found a stone staircase leading down.
An orc priest comes into view. It is wielding a +0 club.
The orc closely misses you.
You see here the +7 war axe of the Pharaoh's Fist {vorpal, rElec rN+}.
b - the +7 war axe of the Pharaoh's Fist {vorpal, rElec rN+} The orc shouts!
An orc comes into view. It is wielding a +0 mace.
The orc misses you.
As you read the scroll of fear, it crumbles to dust.
You assume a fearsome visage.
The centaur looks frightened!
The orc priest looks frightened!
The orc priest shouts!
The orc looks frightened! x2; The white imp looks frightened!
The orc looks frightened!
Unknown command.
Unknown command.
An ufetubus comes into view.
The ufetubus attacks as you move away! The ufetubus hits you.
You die...

.....#....#...#...
....#.5.........#
##...##§?.......#
#.....§.........##.##
#...§.§§.............
##.§..§§§§...........
##..>.§§§§§§§§......#.
......§§5§§§§§......#
#...<§@§§§§§§......#
#...§§§§#§§.§......#
#...§§§§#.§.§.....## #
#..........#.......### #
.....##....#.........###
...$. #..............##.
.... ....###...†........
#........ #.........##.
..... ##.....##.#..


You could see an ufetubus.

Vanquished Creatures
  2 adders (D:5)
  An orc (D:5)
3 creatures vanquished.

Notes
Turn   | Place    | Note
-------+----------+-------------------------------------------
     0 | D:5      | leafyfresh the Octopode Delver began the quest for the Orb.
     0 | D:5      | Reached XP level 1. HP: 16/16 MP: 1/1
   136 | D:5      | Reached XP level 2. HP: 21/21 MP: 2/2
   245 | D:5      | Reached skill level 7 in Stealth
   252 | D:5      | Noticed a centaur
   262 | D:5      | Identified the +7 war axe of the Pharaoh's Fist {vorpal,
                  | rElec rN+}
   272 | D:5      | Slain by an ufetubus

Illustrated notes

Levels and vault maps discovered:
D:5:      layout_cave_pools

Skill      XL: |  1  2 |
---------------+-------+-----
Stealth        | 7 |  7.0
Fighting       | |  3.3
Short Blades   | |  2.0
Dodging        | |  2.4

Action                   || total
-------------------------++-------
Melee: Short sword       ||     4
       Constrict         ||     1
       Tentacles         ||     1
  Use: Scroll            ||     2
       Potion            ||     1
 Stab: Sleeping          ||     2
Dodge: Dodged            ||     5
